Map: Traitor's Exile

Players

Venciu - Winner!

  • Race: Terran Terran
  • Spawn Location: 9:00

ILIEKEGGPIE - Winner!

  • Race: Zerg Zerg
  • League: Platinum
  • Spawn Location: 12:00

bartekwolk

  • Race: Terran Terran
  • League: Silver
  • Spawn Location: 5:00

pasglopglop

  • Race: Terran Terran
  • Spawn Location: 6:00

VOD

Have the link to the VOD?

Description

Time

  • Played on: April 27, 2018, 11:30 a.m.
  • Length: 2:18
Show
View Real Time Build Order
Export as new Build Order

Venciu Terran - Winner!

Build Orders:  

Get SALT Encoding   

  12  0:01  SCV  
  13  0:13  SCV  
  14  0:24  Supply Depot  
  14  0:48  Barracks  
  15  0:50  SCV  
  15  0:55  Refinery  
  15  0:57  Refinery  
  15  1:02  SCV  
  16  1:14  SCV  
  17  1:26  SCV  
  18  1:37  Supply Depot  
  18  1:38  Barracks Reactor, SCV  
  19  1:50  SCV  
  20  2:01  Supply Depot  
  20  2:02  SCV  
Show
View Real Time Build Order
Export as new Build Order

ILIEKEGGPIE Zerg - Winner!

Build Orders: Pool First 

Get SALT Encoding   

  12  0:02  Drone  
  13  0:12  Overlord  
  13  0:23  Drone  
  14  0:32  Drone x2  
  17  0:35  Drone  
  17  0:46  Drone  
  18  0:54  Spawning Pool  
  18  0:56  Drone  
  18  1:17  Hatchery  
  17  1:22  Hatchery  
  17  1:43  Drone x3  
  20  2:06  Extractor  
  21  2:13  Roach Warren  
Show
View Real Time Build Order
Export as new Build Order

bartekwolk Terran 

Build Orders:  

Get SALT Encoding   

  12  2:03  SCV  
  13  2:09  Supply Depot  
Show
View Real Time Build Order
Export as new Build Order

pasglopglop Terran 

Build Orders:  

Get SALT Encoding   

  12  0:14  SCV  
  13  0:22  Supply Depot  
  13  0:26  SCV  
  14  0:36  Supply Depot  
  14  0:43  SCV  
  14  0:49  Barracks  
  15  0:57  SCV  
  16  1:09  SCV  
  17  1:42  Command Center, Marine  
  17  1:46  Orbital Command  
  18  1:52  Refinery  
  18  1:55  Refinery  
Tags
 
Add a new tag
Caveats
  • Supply blocks, unpowered buildings, or Contaminate may cause inaccurate times.
  • Supply counts are checked every 10 seconds.